 Seeded DCSS version 0.30.1-9-gdf580d7c3d (webtiles) character file.

Game seed: 7547814903460644772 (custom seed)

4 Psyclone the Stinger (level 1, -7/11 HPs)
             Began as an Octopode Venom Mage on Sept 27, 2023.
             Mangled by a worm (10 damage)
             ... on level 3 of the Dungeon.
             The game lasted 00:01:32 (226 turns).

Psyclone the Stinger (Octopode Venom Mage)           Turns: 226, Time: 00:01:32

Health: -7/11      AC:  1    Str:  7    XL:     1   Next: 60%
Magic:  0/3        EV: 13    Int: 17    God:
Gold:   63         SH:  0    Dex: 12    Spells: 3/4 levels left

rFire   . . .        (no weapon)
rCold   . . .        (no shield)
rNeg    . . .        (helmet restricted)
rPois   .            (no amulet)
rElec   .            (no ring)
rCorr   .            (no ring)
SInv    .            (no ring)
Will    .....        (no ring)
Stlth   +++          (no ring)
HPRegen 0.21/turn    (no ring)
MPRegen 0.08/turn    (no ring)
                     (no ring)

%: no passive effects
@: no status effects
A: almost no armour, amphibious, 8 rings, camouflage 1, gelatinous body 1,
(nimble swimmer 1), tentacles
a: no special abilities


You were on level 3 of the Dungeon.
You visited 1 branch of the dungeon, and saw 3 of its levels.

You collected 63 gold pieces.

Inventory:

Scrolls
 b - a scroll of identify {unknown}
Potions
 a - a potion of magic


   Skills:
 + Level 2.0 Dodging
 + Level 2.8 Stealth
 + Level 2.0 Spellcasting
 + Level 1.1 Transmutations
 + Level 3.7 Poison Magic


You had 3 spell levels left.
You knew the following spells:

 Your Spells              Type           Power      Damage    Failure   Level
a - Sting                 Tmut/Pois      36%        1d4       7%          1

Your spell library contained the following spells:

 Spells                   Type           Power      Damage    Failure   Level
 Poisonous Vapours        Pois/Air       16%        N/A       14%         2
 Mephitic Cloud           Conj/Pois/Air  5%         N/A       34%         3
 Olgreb's Toxic Radiance  Pois           14%        N/A       38%         4


Dungeon Overview and Level Annotations

Branches:
Dungeon (3/15) Zot: 17773

Altars:


Innate Abilities, Weirdness & Mutations

You cannot wear most types of armour.
You are amphibious.
You can wear up to eight rings at the same time.
Your skin changes colour to match your surroundings (Stealth+).
Your rubbery body absorbs attacks. (AC +1, EV +1)
((You are camouflaged when in or above water. (Stealth+)))
You have tentacles for arms and can constrict up to eight enemies at once.


Message History

Casting: Sting (safe; 7% risk of failure)
Confirm with . or Enter, or press ? or * to list all spells.
Aiming: Sting (safe; 7% risk of failure)
Press: ? - help, Shift-Dir - straight line, f - worm
Aim: a worm (asleep, 100% to hit)
The sting hits the worm.
The worm is poisoned.
The worm is lightly wounded.
You now have 2/3 mp.
Casting: Sting (safe; 7% risk of failure)
Confirm with . or Enter, or press ? or * to list all spells.
Aiming: Sting (safe; 7% risk of failure)
Press: ? - help, Shift-Dir - straight line, f/p - worm
Aim: a worm (lightly wounded, poisoned, 89% to hit)
The sting hits the worm.
The worm looks even sicker.
The worm is lightly wounded.
You now have 1/3 mp.
Casting: Sting (safe; 7% risk of failure)
Confirm with . or Enter, or press ? or * to list all spells.
Aiming: Sting (safe; 7% risk of failure)
Press: ? - help, Shift-Dir - straight line, f/p - worm
Aim: a worm (lightly wounded, very poisoned, 89% to hit)
The sting hits the worm but does no damage.
The worm looks even sicker.
The worm is lightly wounded.
You now have 0/3 mp.
You tentacle-slap the worm but do no damage.
You grab the worm. You squeeze the worm.
The worm is moderately wounded.
You constrict the worm. The worm bites you!
Ouch! That really hurt!
* * * LOW HITPOINT WARNING * * *
You take 8 damage, and have 3/11 hp.
MASSIVE DAMAGE!!
You tentacle-slap the worm.
The worm is heavily wounded.
You constrict the worm. You barely miss the worm. You squeeze the worm.
The worm is severely wounded.
You constrict the worm. The worm bites you!
Ouch! That really hurt!
You die...

#....>..# ####.####
#...# #...# #...#
#...# ######...####
#.#####.............
#..w@...............
#..####.>..>........
#. ######...##### ..
#...# #. #...# #
#...# ...# ##


You could see a worm (very poisoned).

Vanquished Creatures
  An endoplasm (D:1)
  A hobgoblin (D:1)
  2 frilled lizards
4 creatures vanquished.

Notes
Turn   | Place    | Note
-------+----------+-------------------------------------------
     0 | D:1      | Psyclone the Octopode Venom Mage began the quest for the
                  | Orb.
     0 | D:1      | Reached XP level 1. HP: 11/11 MP: 3/3
   226 | D:3      | Mangled by a worm

Illustrated notes

Levels and vault maps discovered:
D:1:      lordsloth_arrival_two_stooges, layout_basic,
          chequers_ecumenical_altar_simple
D:2:      layout_loops_ring, uniq_jessica
D:3:      layout_loops_cross, ashenzari_conservatory_becter,
          nzn_wu_jian_council_hall, chequers_serial_rivers_room_a,
          grunt_decor_cap, hangedman_abyss_or_decor_lesser_grid,
          hangedman_decor_peaks_small, minmay_gold_behind_fungi, uniq_natasha,
          uniq_crazy_yiuf_cottage

Action                     || total
---------------------------++-------
  Melee: Unarmed           ||     5
         Tentacles         ||     2
         Constrict         ||     1
   Cast: Sting             ||     9
   Stab: Sleeping          ||     1
